 Dungeon Crawl Stone Soup version 0.23.2 (webtiles) character file.

Game seed: 7793621449682606582

22113 Borgoz the Protected (level 12, 0/77 HPs)
             Began as a Gargoyle Gladiator on Apr 9, 2019.
             Was a Believer of Ashenzari.
             Slain by a seven-headed hydra (2 damage)
             ... on level 5 of the Lair of Beasts.
             The game lasted 00:30:36 (18008 turns).

Borgoz the Protected (Gargoyle Gladiator)          Turns: 18008, Time: 00:30:38

Health: 0/77       AC: 31    Str: 17    XL:     12   Next: 97%
Magic:  18/18      EV:  5    Int: 11    God:    Ashenzari [**....]
Gold:   1160       SH:  0    Dex: 15    Spells: 19/19 levels left

rFire    + + +     SeeInvis .   b - +7 short sword "Nuasmid" {holy, rPois rF++ rN+++ Stlth-}
rCold    + . .     Gourm    +   (no shield)
rNeg     + + +     Faith    .   a - +0 crystal plate armour
rPois    ∞         Spirit   .   c - +0 helmet
rElec    +         Reflect  .   u - scarf {rC+ rF+}
rCorr    .         Harm     .   (no gloves)
MR       .....                  h - -1 pair of boots
Stlth    ..........             o - amulet of the gourmand
HPRegen  0.22/turn              C - ring of wizardry
MPRegen  0.16/turn              v - ring of positive energy

@: hasted, very quick
A: negative energy resistance 1, electricity resistance, unbreathing,
petrification resistance, rot immunity, AC +8
a: Curse Item, Scrying, Renounce Religion


You were on level 5 of the Lair of Beasts.
You worshipped Ashenzari.
Ashenzari was pleased with you.
You were very full.

You visited 3 branches of the dungeon, and saw 16 of its levels.
You also visited: Ossuary.

You collected 1160 gold pieces.

Inventory:

Hand Weapons
 b - the +7 short sword "Nuasmid" (weapon) {holy, rPois rF++ rN+++ Stlth-}
   (You found it on level 4 of the Dungeon)

   It has been blessed by the Shining One to cause great damage to the undead
   and demons.
   It greatly protects you from fire.
   It protects you from poison.
   It renders you almost immune to negative energy.
   It makes you less stealthy.
 B - a +0 rapier
Armour
 a - a +0 crystal plate armour (worn)
 c - a +0 helmet (worn)
 h - a -1 pair of boots (worn)
 n - a +2 leather armour of fire resistance
 u - a scarf of resistance (worn)
Jewellery
 m - an uncursed ring of stealth
 o - an amulet of the gourmand (around neck)
 t - an uncursed ring of protection from magic
 v - a ring of positive energy (right hand)
 C - a ring of wizardry (left hand)
 D - the cursed ring of Taghat {rN+ AC-4 Str+3}
   (You found it on level 5 of the Lair of Beasts)

   [ring of protection]

   It affects your AC (-4).
   It affects your strength (+3).
   It protects you from negative energy.
   It has a curse placed upon it.
Wands
 d - a wand of random effects (10)
 e - a wand of disintegration (5)
 q - a wand of clouds (5)
 s - a wand of paralysis (7)
Scrolls
 g - 6 scrolls of teleportation
 i - 2 scrolls of blinking {unknown}
 j - 4 scrolls of enchant weapon {unknown}
 k - a scroll of magic mapping
 r - a scroll of identify
 w - 2 scrolls of fog
 x - 7 scrolls of remove curse
 y - a scroll of enchant armour
 H - 4 scrolls of amnesia
Potions
 l - 2 potions of brilliance
 p - 6 potions of flight
 z - a potion of haste
 I - 2 potions of magic
Comestibles
 f - 42 rations
 A - 8 chunks of flesh


   Skills:
 - Level 10.0 Fighting
 * Level 8.6 Short Blades
   Level 5.8 Maces & Flails
 - Level 1.7 Throwing
 + Level 10.1 Armour
 + Level 8.3 Dodging
 - Level 7.0 Stealth
 + Level 4.3 Spellcasting
 - Level 5.0 Evocations


You had 19 spell levels left.
You didn't know any spells.
Your spell library contained the following spells:

 Spells                   Type           Power        Failure   Level  Hunger
 Beastly Appendage        Tmut           #.....       100%        1    #......
 Flame Tongue             Conj/Fire      #....        100%        1    #......
 Sticks to Snakes         Tmut           #.......     100%        2    ##.....
 Throw Flame              Conj/Fire      #.....       100%        2    ##.....
 Conjure Flame            Conj/Fire      #.......     100%        3    ###....
 Inner Flame              Hex/Fire       #.......     100%        3    ###....
 Recall                   Summ/Tloc      N/A          100%        3    ###....
 Spider Form              Tmut/Pois      #.........   100%        3    ###....
 Animate Dead             Necr           N/A          100%        4    #####..
 Ice Form                 Ice/Tmut       #.......     100%        4    #####..
 Sticky Flame             Conj/Fire      #.......     100%        4    #####..
 Blade Hands              Tmut           #.........   100%        5    ######.
 Borgnjor's Vile Clutch   Necr/Erth      #.........   100%        5    ######.
 Fireball                 Conj/Fire      #.........   100%        5    ######.
 Death Channel            Necr           #.........   100%        6    #######
 Simulacrum               Ice/Necr       #.........   100%        6    #######


Dungeon Overview and Level Annotations

Branches:
Dungeon (10/15)            Temple (1/1) D:6            Lair (5/6) D:8
 Shoals (0/4) Lair:3        Snake (0/4) Lair:2
  Slime: Lair:5-6       Orc: D:9-12

Altars:
Ashenzari
Cheibriados
Dithmenos
Elyvilon
Fedhas
Gozag
Hepliaklqana
Kikubaaqudgha
Makhleb
Nemelex Xobeh
Okawaru
Qazlal
Ru
Sif Muna
Trog
Uskayaw
Vehumet
Wu Jian
Xom
Yredelemnul
Zin
The Shining One

Shops:
D:2 *


Innate Abilities, Weirdness & Mutations

You are resistant to torment.
Your stone body is resilient. (AC +8)
You are immune to poison.
You resist negative energy. (rN+)
You are resistant to electric shocks. (rElec)
You can survive without breathing.
You are immune to petrification.
You are immune to rotting.


Message History

The seven-headed hydra bites you but does no damage. x2
The seven-headed hydra bites you!
* * * LOW HITPOINT WARNING * * *
The seven-headed hydra bites you.
* * * LOW HITPOINT WARNING * * *
Okay, then.
You feel yourself speed up.
The seven-headed hydra bites you but does no damage. x4
The seven-headed hydra bites you!
* * * LOW HITPOINT WARNING * * *
The seven-headed hydra bites you but does no damage. x2
The seven-headed hydra bites you.
* * * LOW HITPOINT WARNING * * *
The seven-headed hydra completely misses you.
The seven-headed hydra bites you but does no damage.
The seven-headed hydra bites you.
* * * LOW HITPOINT WARNING * * *
The seven-headed hydra bites you but does no damage.
The seven-headed hydra bites you.
You die...

, .........#. ..........##
.........P.# ...§§§.....#
*,...§§§§....##
...§°§§...#.# ** *
,#P§§D§)..# ####
#P..D@...### ,
#.#P.##P........P#, ,
####...#P.........P##
.......#P...........#...
.......#P................
,
......#P.................
P.....#P.................,
..!..#P..............$...
,
....#P..##....†..........


You could see 2 seven-headed hydras.

Vanquished Creatures
  A two-headed ogre (D:9)
  A queen ant (Lair:1)
  An unseen horror (D:8)
  Pikel (D:4)
  A black mamba (Lair:4)
  7 spiny frogs
  3 komodo dragons
  A queen bee (Lair:1)
  A hornet (D:9)
  A polar bear (Lair:2)
  Prince Ribbit (D:7)
  3 blink frogs (Lair:1)
  4 hippogriffs
  2 basilisks (Lair:3)
  26 yaks
  3 wyverns
  Eustachio (D:5)
  A hungry ghost (D:9)
  2 nagas (Lair:2)
  13 soldier ants
  10 porcupines
  2 water moccasins
  A black bear (D:7)
  2 orc warriors
  4 ice beasts
  3 phantoms
  2 sky beasts
  9 ogres
  3 centaurs
  9 crocodiles
  Blork the orc (D:5)
  20 bullfrogs
  A wyvern zombie (D:9)
  A water moccasin zombie (D:9)
  A scorpion (D:4)
  19 killer bees (Lair:1)
  5 wights (D:7)
  3 howler monkeys
  A centaur zombie (Ossuary)
  5 crimson imps
  A jelly (D:7)
  2 hounds
  A human zombie (Ossuary)
  An orc wizard (D:3)
  3 bullfrog skeletons
  4 iguanas
  Natasha (thrice) (D:3)
  36 worker ants
  A hound zombie (D:6)
  2 mummies (Ossuary)
  A worker ant zombie (D:9)
  4 gnolls (D:8)
  6 adders
  A shadow imp (D:9)
  3 oozes
  2 adder skeletons
  An adder zombie (D:6)
  2 worms (D:2)
  2 dart slugs (D:1)
  6 leopard geckos
  15 orcs
  A ball python (D:3)
  9 bats
  6 giant cockroaches
  A gnoll zombie (Ossuary)
  6 goblins
  12 hobgoblins
  12 jackals
  6 quokkas
  4 frilled lizards
  8 goblin zombies (Ossuary)
  A hobgoblin zombie (Ossuary)
  13 kobolds
  2 orc zombies (Ossuary)
  8 rats
362 creatures vanquished.

Vanquished Creatures (others)
  2 slaves (D:4)
  An orc wizard (D:10)
  A giant cockroach (D:4)
  6 fungi
  4 plants (Lair:2)
14 creatures vanquished.

Grand Total: 376 creatures vanquished

Notes
Turn   | Place    | Note
-------+----------+-------------------------------------------
     0 | D:1      | Borgoz the Gargoyle Gladiator began the quest for the Orb.
     0 | D:1      | Reached XP level 1. HP: 12/12 MP: 1/1
    44 | D:1      | Reached XP level 2. HP: 17/18 MP: 2/2
    89 | D:1      | Reached skill level 1 in Armour
   141 | D:1      | Reached XP level 3. HP: 19/22 MP: 3/3
   556 | D:2      | Found a bloodstained altar of Trog.
   596 | D:2      | Found an opulent altar of Gozag.
   680 | D:2      | Found Gozag's Platinum Reserve.
   737 | D:2      | Reached XP level 4. HP: 27/27 MP: 4/4
  1659 | D:3      | Reached XP level 5. HP: 28/32 MP: 5/5
  1869 | D:3      | Noticed Natasha
  1876 | D:3      | Killed Natasha
  2183 | D:3      | Noticed Natasha
  2191 | D:3      | Killed Natasha
  2666 | D:3      | Noticed Natasha
  2683 | D:3      | Killed Natasha
  2683 | D:3      | Reached XP level 6. HP: 8/38 MP: 6/6
  3313 | D:4      | Got a slimy short sword
  3458 | D:4      | Reached XP level 7. HP: 16/44 MP: 7/7
  3661 | D:4      | Noticed Pikel
  3676 | D:4      | Paralysed by Pikel for 4 turns
  3684 | D:4      | Paralysed by Pikel for 4 turns
  3697 | D:4      | Paralysed by Pikel for 3 turns
  3705 | D:4      | Paralysed by Pikel for 2 turns
  3708 | D:4      | Killed Pikel
  3708 | D:4      | Reached skill level 5 in Fighting
  3708 | D:4      | Reached skill level 5 in Maces & Flails
  3708 | D:4      | Reached XP level 8. HP: 41/49 MP: 8/8
  3772 | D:4      | Identified the +7 short sword "Nuasmid" {holy, rPois rF++
                  | rN+++ Stlth-} (You found it on level 4 of the Dungeon)
  3852 | D:4      | Found a radiant altar of Vehumet.
  3852 | D:4      | Found a shadowy altar of Dithmenos.
  3853 | D:4      | Found a shattered altar of Ashenzari.
  3865 | D:4      | Found a sacrificial altar of Ru.
  3869 | D:4      | Became a worshipper of Ashenzari the Shackled
  4219 | D:5      | Entered Level 5 of the Dungeon
  4253 | D:5      | Reached skill level 1 in Stealth
  4282 | D:5      | Found a burning altar of Makhleb.
  4320 | D:5      | Reached skill level 1 in Short Blades
  4339 | D:5      | Reached skill level 1 in Evocations
  4379 | D:5      | Noticed Eustachio
  4381 | D:5      | Found a stormy altar of Qazlal.
  4396 | D:5      | Killed Eustachio
  4396 | D:5      | Reached skill level 5 in Armour
  4679 | D:5      | Noticed Blork the orc
  4686 | D:5      | Killed Blork the orc
  4802 | D:6      | Reached * piety under Ashenzari
  4864 | D:6      | Reached XP level 9. HP: 55/55 MP: 10/10
  4902 | D:6      | Reached skill level 5 in Dodging
  5202 | D:6      | Found a staircase to the Ecumenical Temple.
  5304 | Temple   | Entered the Ecumenical Temple
  5772 | D:7      | Found a sand-covered staircase.
  5786 | Ossuary  | Entered an ossuary
  6256 | D:7      | Found a sacrificial altar of Ru.
  6289 | D:7      | Reached XP level 10. HP: 63/63 MP: 12/12
  6296 | D:7      | Reached skill level 5 in Stealth
  6338 | D:7      | Noticed Prince Ribbit
  7035 | D:7      | Killed Prince Ribbit
  7210 | D:8      | Reached ** piety under Ashenzari
  7437 | D:8      | Found a staircase to the Lair.
  7463 | D:8      | Got the cursed chain mail of Insurance {rPois rF+}
  7885 | D:8      | Killed an unseen horror
  9141 | D:9      | Reached skill level 5 in Evocations
  9378 | D:9      | Reached XP level 11. HP: 53/69 MP: 14/14
  9605 | D:9      | Reached skill level 5 in Short Blades
  9902 | D:10     | Entered Level 10 of the Dungeon
  9902 | D:10     | Noticed a two-headed ogre
 10462 | D:9      | Killed a two-headed ogre
 10546 | Lair:1   | Entered Level 1 of the Lair of Beasts
 11428 | Lair:1   | Reached skill level 1 in Spellcasting
 11985 | Lair:2   | Noticed a queen ant
 12068 | Lair:1   | Killed a queen ant
 13455 | Lair:1   | Reached XP level 12. HP: 28/76 MP: 15/15
 14710 | Lair:2   | Found a staircase to the Snake Pit.
 15708 | Lair:3   | Reached skill level 10 in Fighting
 16477 | Lair:3   | Found a staircase to the Shoals.
 17222 | Lair:4   | Reached skill level 10 in Armour
 17959 | Lair:5   | Identified the cursed ring of Taghat {rN+ AC-4 Str+3}
 17991 | Lair:5   | Noticed a seven-headed hydra
 17996 | Lair:5   | Noticed a seven-headed hydra
 18008 | Lair:5   | HP: 2/77 [seven-headed hydra (2)]
 18008 | Lair:5   | Slain by a seven-headed hydra

Skill      XL: |  1  2  3  4  5  6  7  8  9 10 11 12 |
---------------+-------------------------------------+-----
Armour         | 1 2 3 4 5 6 7 9 10 | 10.1
Fighting       | 3 4 5 6 7 8 9 10 | 10.0
Dodging        | 3 4 5 6 7 8 |  8.3
Maces & Flails | 4 5 |  5.8
Stealth        | 3 4 5 6 7 |  7.0
Short Blades   | 1 3 4 6 8 |  8.6
Evocations     | 2 3 5 |  5.0
Spellcasting   | 2 4 |  4.3
Throwing       | |  1.7

Action                   |  1- 3 |  4- 6 |  7- 9 | 10-12 || total
-------------------------+-------+-------+-------+-------++-------
Melee: Flail             |    94 |   190 |    39 |       ||   323
       Short sword       |       |       |   259 |  1443 ||  1702
       Whip              |       |       |   120 |       ||   120
Throw: Throwing net      |       |     9 |     2 |     5 ||    16
Evoke: Wand              |       |       |       |    14 ||    14
  Use: Potion            |       |     2 |     3 |    15 ||    20
       Scroll            |       |       |     8 |     8 ||    16
 Stab: Held in net/web   |       |     1 |       |     1 ||     2
       Sleeping          |       |       |       |     8 ||     8
       Paralysed         |       |       |       |     7 ||     7
       Invisible         |       |       |       |     2 ||     2
  Eat: Chunk             |       |    18 |     9 |    39 ||    66
Armor: Leather armour    |    31 |    85 |   188 |   428 ||   732
       Crystal plate arm |       |       |       |   422 ||   422
Dodge: Dodged            |    61 |   153 |   354 |   948 ||  1516
